Map: [ESL] Gresvan

Players

Spatz

  • Race: Protoss Protoss
  • Spawn Location: 5:00

Gerald - Winner!

  • Race: Protoss Protoss
  • Spawn Location: 11:00

Event: ESL SC2 Masters 2023 Summer (Regionals)

VOD

Have the link to the VOD?

Description

Time

  • Played on: May 7, 2023, 9:55 a.m.
  • Length: 9:29

All games in this series

Show
View Real Time Build Order
Export as new Build Order

Spatz Protoss 

Build Orders:  

Get SALT Encoding   

  12  0:01  Probe  
  13  0:13  Probe  
  14  0:16  Pylon  
  14  0:25  Probe (Chrono Boost)  
  15  0:35  Gateway  
  15  0:37  Probe (Chrono Boost)  
  16  0:43  Probe (Chrono Boost)  
  16  0:45  Assimilator  
  17  0:51  Probe  
  17  0:53  Assimilator  
  18  1:03  Probe (Chrono Boost)  
  19  1:06  Gateway  
  19  1:12  Probe (Chrono Boost)  
  19  1:18  Probe (Chrono Boost)  
  20  1:23  Cybernetics Core  
  21  1:29  Probe  
  22  1:35  Pylon  
  22  1:42  Probe  
  24  1:59  Adept, Robotics Facility  
  24  2:00  Adept  
  27  2:02  Probe  
  27  2:06  Warp Gate  
  28  2:13  Pylon  
  28  2:18  Shield Battery  
  28  2:32  Stalker x2  
  31  2:44  Immortal (Chrono Boost)  
  35  3:00  Gateway  
  35  3:12  Pylon  
  35  3:17  Warp Prism (Chrono Boost)  
  33  3:29  Shield Battery  
  33  3:45  Immortal  
  37  4:01  Stalker x2  
  37  4:16  Probe  
  36  4:28  Probe  
  37  4:32  Stalker x2  
  39  4:40  Probe (Chrono Boost)  
  39  4:52  Probe (Chrono Boost)  
  39  5:01  Twilight Council  
  39  5:04  Probe  
  40  5:16  Probe  
  42  5:28  Probe  
  42  5:29  Pylon  
  42  5:37  Pylon  
  42  5:47  Probe  
  35  5:54  Robotics Facility  
  35  5:55  Adept  
  35  5:56  Adept  
  37  6:10  Probe  
  36  6:19  Zealot  
  38  6:29  Adept x2  
  42  6:38  Warp Prism (Chrono Boost)  
  42  6:47  Sentry  
  42  6:52  Dark Shrine  
  40  7:20  Immortal (Chrono Boost)  
  42  7:53  Immortal (Chrono Boost)  
  46  8:03  Nexus  
  45  8:06  Probe  
  45  8:07  Pylon  
  46  8:14  Dark Templar x2  
  46  8:18  Probe  
  51  8:20  Pylon  
  50  8:34  Warp Prism (Chrono Boost)  
  47  8:41  Dark Templar  
  49  8:59  Stalker  
  49  9:00  Stalker  
Show
View Real Time Build Order
Export as new Build Order

Gerald Protoss - Winner!

Build Orders: Blink Stalkers 

Get SALT Encoding   

  12  0:00  Probe  
  13  0:12  Probe  
  14  0:17  Pylon  
  14  0:24  Probe (Chrono Boost)  
  16  0:37  Probe (Chrono Boost), Gateway  
  16  0:42  Probe (Chrono Boost)  
  16  0:46  Assimilator  
  17  0:51  Probe (Chrono Boost)  
  17  0:54  Assimilator  
  18  1:03  Probe (Chrono Boost)  
  19  1:08  Gateway  
  19  1:12  Probe (Chrono Boost)  
  19  1:18  Probe  
  20  1:24  Cybernetics Core  
  21  1:30  Probe  
  22  1:35  Pylon  
  22  1:42  Probe  
  23  1:54  Probe  
  23  1:57  Pylon  
  23  2:00  Stalker  
  26  2:02  Stalker  
  26  2:04  Warp Gate (Chrono Boost)  
  28  2:09  Probe  
  29  2:21  Probe  
  30  2:29  Stalker  
  30  2:33  Probe  
  30  2:34  Stalker  
  34  2:47  Twilight Council  
  33  2:59  Stalker  
  35  3:10  Gateway  
  35  3:12  Shield Battery  
  35  3:17  Shield Battery  
  35  3:24  Blink (Chrono Boost)  
  35  3:33  Pylon  
  35  3:37  Pylon  
  35  3:45  Adept  
  35  3:46  Adept  
  39  3:55  Probe  
  40  4:13  Adept x2  
  40  4:14  Stalker  
  44  4:20  Gateway  
  44  4:23  Shield Battery  
  40  4:41  Stalker x2  
  41  4:56  Probe  
  41  4:58  Stalker  
  44  5:08  Stalker  
  44  5:13  Stalker  
  45  5:16  Probe, Pylon  
  43  5:28  Stalker  
  45  5:35  Stalker  
  45  5:37  Stalker  
  47  5:48  Probe (Chrono Boost)  
  43  6:00  Probe (Chrono Boost)  
  43  6:04  Sentry  
  46  6:10  Probe (Chrono Boost)  
  47  6:19  Robotics Facility  
  47  6:20  Probe  
  48  6:25  Pylon  
  48  6:43  Probe  
  47  6:56  Nexus  
  47  6:58  Probe  
  48  7:05  Shield Battery  
  48  7:07  Observer  
  49  7:17  Sentry x2  
  49  7:18  Sentry  
  49  7:19  Probe  
  56  7:27  Robotics Bay  
  54  7:40  Probe  
  55  7:50  Immortal (Chrono Boost)  
  59  7:52  Probe  
  60  8:04  Observer  
  60  8:07  Probe  
  60  8:09  Probe  
  62  8:19  Probe  
  63  8:21  Probe  
  63  8:22  Shield Battery  
  63  8:26  Disruptor (Chrono Boost)  
  67  8:32  Observer  
  67  8:37  Probe, Stalker x2  
  67  8:38  Stalker  
  67  8:39  Probe  
  75  8:49  Probe  
  75  8:52  Assimilator  
  75  8:54  Assimilator  
  76  8:59  Pylon  
  76  9:12  Pylon  
Tags
 
Add a new tag
Caveats
  • Supply blocks, unpowered buildings, or Contaminate may cause inaccurate times.
  • Supply counts are checked every 10 seconds.